 Dungeon Crawl Stone Soup version 0.22-a0-265-g0d8bc90 (webtiles) character file.

17221 Zwobot the Slinger (level 12, 0/82 HPs)
             Began as an Octopode Arcane Marksman on Mar 6, 2018.
             Was a Priest of Dithmenos.
             Slain by a jumping spider (15 damage)
             ... on level 4 of the Lair of Beasts.
             The game lasted 01:29:42 (21680 turns).

Zwobot the Slinger (Octopode Arcane Marksman)      Turns: 21680, Time: 01:29:43

Health: 0/82       AC:  1    Str: 14    XL:     12   Next: 45%
Magic:  17/24      EV: 11    Int: 21    God:    Dithmenos [***...]
Gold:   797        SH:  0    Dex: 17    Spells: 0/13 levels left

rFire    . . .     SeeInvis .   b - +3 fustibalus (freeze)
rCold    . . .     Gourm    .   (no shield)
rNeg     . . .     Faith    .   (helmet restricted)
rPois    .         Spirit   .   w - amulet of the acrobat
rElec    .         Reflect  .   h - +5 ring of strength
rCorr    +         Harm     .   x - +5 ring of intelligence
MR       .....                  J - ring of magical power
Stlth    +++++++...             N - ring of resist corrosion
HPRegen  0.23/turn              (no ring)
MPRegen  0.19/turn              (no ring)
                                (no ring)
                                (no ring)

@: very slightly contaminated, held, wreathed by umbra
A: almost no armour, stealthy swim, amphibious, 8 rings, constrict 8, camouflage
1, gelatinous body 1
a: Shadow Step, Renounce Religion


You were on level 4 of the Lair of Beasts.
You worshipped Dithmenos.
Dithmenos was most pleased with you.
You were not hungry.

You visited 3 branches of the dungeon, and saw 16 of its levels.

You collected 797 gold pieces.

Inventory:

Hand Weapons
 a - a +2 dagger of freezing
 b - a +3 fustibalus of freezing (weapon)
 e - a +0 dagger
 j - a +2 hunting sling
 n - a +0 rapier
 q - a +2 war axe of chopping
 s - a +0 trident
 y - a +2 dagger of flaming
 B - a +0 flail of pain
 E - the +7 glaive "Jyllaudda" {chop, -Tele +Inv rC++ MP+9}
   (You found it on level 10 of the Dungeon)

   It inflicts extra damage upon your enemies.
   It greatly protects you from cold.
   It affects your magic capacity (+9).
   It lets you turn invisible.
   It prevents most forms of teleportation.
 G - a +0 blowgun
Missiles
 g - 199 stones (quivered)
 m - 6 javelins
 o - 40 poisoned needles
 v - 48 arrows
 K - 31 sling bullets
Jewellery
 h - a +5 ring of strength (left tentacle)
 w - an amulet of the acrobat (around mantle)
 x - a +5 ring of intelligence (right tentacle)
 A - an uncursed amulet of the gourmand {unknown}
 H - an uncursed ring of fire
 J - a ring of magical power (on tentacle)
 N - a ring of resist corrosion (on tentacle)
Wands
 t - a wand of enslavement (2)
 D - a wand of digging (21)
 I - a wand of paralysis (13)
 L - a wand of disintegration (13)
Scrolls
 l - 4 scrolls of fog
 p - 8 scrolls of remove curse
 z - 3 scrolls of teleportation
 C - 2 scrolls of magic mapping
Potions
 c - a potion of degeneration {unknown}
 f - 2 potions of brilliance
 i - 2 potions of agility
 k - 3 potions of haste
 u - 3 potions of flight
 F - 2 potions of might {unknown}
 M - a potion of cancellation {unknown}
Comestibles
 d - 12 rations
 O - 8 chunks of flesh


   Skills:
 - Level 8.0 Fighting
 - Level 3.1 Short Blades
 - Level 12.0 Slings
 - Level 11.2 Dodging
 - Level 8.0 Stealth
 - Level 1.0 Spellcasting
 - Level 3.0 Hexes
 + Level 3.2 Summonings
 - Level 5.0 Evocations


You couldn't memorise any spells.
You knew the following spells:

 Your Spells              Type           Power        Failure   Level  Hunger
a - Slow                  Hex            ##......     7%          2    ###....
b - Call Canine Familiar  Summ           ##......     13%         3    ####...
c - Portal Projectile     Hex/Tloc       #.....       26%         3    ####...
d - Poisonous Vapours     Pois/Air       #.....       24%         2    ###....
e - Apportation           Tloc           #.....       16%         1    ##.....
f - Animate Skeleton      Necr           N/A          16%         1    ##.....
g - Corona                Hex            ##.....      4%          1    ##.....


Dungeon Overview and Level Annotations

Branches:
Dungeon (11/15)            Temple (1/1) D:7            Lair (4/6) D:10
 Shoals (0/4) Lair:3          Orc (0/2) D:10
  Snake: Lair:2-4    Spider: Lair:2-4

Altars:
Ashenzari
Cheibriados
Dithmenos
Elyvilon
Fedhas
Gozag
Hepliaklqana
Kikubaaqudgha
Makhleb
Nemelex Xobeh
Okawaru
Qazlal
Ru
Sif Muna
Trog
Uskayaw
Vehumet
Wu Jian
Xom
Yredelemnul
Zin
The Shining One

Annotations:
D:4 1 exclusion, Dowan
D:5 exclusion: ogre
D:8 exclusion: two-headed ogre
D:11 !invis horror, Harold
Lair:2 exclusion: hydra
Lair:3 exclusions: merfolk siren and 2 more exclusions
Lair:4 exclusion: black mamba


Innate Abilities, Weirdness & Mutations

You cannot wear most types of armour.
You are very stealthy in the water. (Stealth+)
You are amphibious.
You can wear up to eight rings at the same time.
You can use your tentacles to constrict eight enemies at once.
Your skin changes colour to match your surroundings (Stealth+).
Your rubbery body absorbs attacks. (AC +1, EV +1)


Message History

* * * LOW HITPOINT WARNING * * *
Your hound closely misses the jumping spider.
Okay, then.
Okay, then.
Evoke which item? (* to show all) (? for menu, Esc to quit)
Aiming: Paralyse
Press: ? - help, Shift-Dir - straight line, f/p - jumping spider
Aim: a jumping spider (heavily wounded, umbra, chance to defeat MR: 61%)
The jumping spider resists with significant effort.
The jumping spider barely misses you. The jumping spider bites you.
* * * LOW HITPOINT WARNING * * *
Your hound barely misses the jumping spider.
The jumping spider pounces on you!
* * * LOW HITPOINT WARNING * * *
The jumping spider bites you.
* * * LOW HITPOINT WARNING * * *
You feel better.
Your hound barely misses the jumping spider.
The jumping spider pounces on you!
You die...

#......(.......
#.#.##....##.(#
#.###.#.#.#(.(# #..
##..(........((# # #..
#..............##.# #.#..
##........................
##........................
#.......sh................
##......÷@................
#..####.÷####...... ......
#...# #†#####.....#. ##P..
##.#####.P.P......##.#....
#..###............##..#...
##.##......##.....#P..#...
##.##......##P............
#...#......##.........#...
##.P##.....##P....#..##...


You could see a jumping spider and a friendly hound.

Vanquished Creatures
  Pikel (D:8)
  4 spiny frogs
  2 torpor snails (Lair:2)
  4 komodo dragons
  2 jumping spiders (Lair:4)
  A centaur (D:10)
  2 blink frogs
  3 hippogriffs
  7 dream sheep
  3 redbacks (Lair:4)
  4 porcupines
  2 wyverns
  18 yaks
  4 vampire mosquitoes (Lair:4)
  3 insubstantial wisps (Lair:4)
  5 water moccasins
  An ice beast (D:5)
  3 sky beasts
  A slave (D:8)
  A necrophage (D:6)
  5 ogres
  5 orc warriors
  3 phantoms
  3 wolves (Lair:2)
  9 crocodiles
  14 bullfrogs
  A big kobold (D:7)
  A wyvern zombie (D:11)
  A wyvern skeleton (D:11)
  6 scorpions
  3 howler monkeys
  2 electric eels (Lair:3)
  2 centaur zombies
  5 crimson imps
  2 quasits
  2 orc priests
  4 hounds
  3 jellies (D:10)
  3 bullfrog skeletons
  A centaur skeleton (D:11)
  9 orc wizards
  An iguana (D:10)
  10 worker ants
  A hound skeleton (D:7)
  2 howler monkey zombies
  A worker ant zombie (D:10)
  5 gnolls (D:11)
  11 adders
  2 shadow imps
  An ooze (D:2)
  3 adder skeletons
  A worm (D:4)
  2 dart slugs (D:1)
  7 leopard geckos
  44 orcs
  A ball python (D:7)
  4 giant cockroaches
  7 hobgoblins
  10 jackals
  8 quokkas
  6 bats
  3 frilled lizards
  7 goblins
  9 kobolds
  A leopard gecko skeleton (D:7)
  A quokka skeleton (D:4)
  3 quokka zombies
  8 rats
  2 fungi (D:10)
316 creatures vanquished.

Vanquished Creatures (collateral kills)
  A blink frog (Lair:4)
  A bullfrog (D:10)
  An orc wizard (D:6)
  2 orcs (D:6)
5 creatures vanquished.

Vanquished Creatures (others)
  2 hippogriffs
  A water moccasin (D:10)
  An orc warrior (D:8)
  2 slaves (D:8)
  A wolf (Lair:2)
  A bullfrog zombie (D:8)
  A hound (D:8)
  A bullfrog skeleton (D:7)
  An orc (D:8)
  A bush (Lair:4)
  7 fungi
  A plant (Lair:2)
20 creatures vanquished.

Grand Total: 341 creatures vanquished

Notes
Turn   | Place    | Note
-------+----------+-------------------------------------------
     0 | D:1      | Zwobot the Octopode Arcane Marksman began the quest for the Orb.
     0 | D:1      | Reached XP level 1. HP: 13/13 MP: 2/2
    53 | D:1      | Reached skill level 1 in Stealth
   288 | D:1      | Reached XP level 2. HP: 18/18 MP: 3/3
   758 | D:1      | Reached XP level 3. HP: 23/23 MP: 4/4
  1281 | D:3      | Reached skill level 3 in Slings
  1281 | D:3      | Reached XP level 4. HP: 27/28 MP: 5/5
  1780 | D:2      | Found a shimmering altar of Xom.
  1782 | D:2      | Found a hide-covered altar of Uskayaw.
  1782 | D:2      | Found a hide-covered altar of Uskayaw.
  1993 | D:2      | Found a white marble altar of Elyvilon.
  1993 | D:2      | Found a hide-covered altar of Uskayaw.
  1993 | D:2      | Found an iron altar of Okawaru.
  2082 | D:2      | Reached XP level 5. HP: 33/33 MP: 6/6
  2792 | D:3      | Reached skill level 5 in Stealth
  3312 | D:3      | Reached skill level 4 in Slings
  3401 | D:3      | Learned a level 2 spell: Slow
  3440 | D:4      | Reached XP level 6. HP: 39/39 MP: 7/7
  3711 | D:5      | Entered Level 5 of the Dungeon
  4591 | D:4      | Noticed Dowan
  4720 | D:5      | Reached skill level 5 in Slings
  4720 | D:5      | Reached XP level 7. HP: 45/45 MP: 8/8
  4741 | D:5      | Learned a level 3 spell: Portal Projectile
  5945 | D:6      | Found a bloodstained altar of Trog.
  6393 | D:5      | Reached skill level 6 in Slings
  6393 | D:5      | Reached XP level 8. HP: 26/52 MP: 9/9
  6638 | D:5      | Reached skill level 5 in Dodging
  7447 | D:7      | Found a staircase to the Ecumenical Temple.
  7458 | Temple   | Entered the Ecumenical Temple
  7550 | Temple   | Became a worshipper of Dithmenos the Shadowed
  7667 | D:7      | Reached skill level 7 in Slings
  7919 | D:7      | Found a radiant altar of Vehumet.
  7945 | D:7      | Noticed a hippogriff
  8655 | D:6      | Reached XP level 9. HP: 56/56 MP: 10/10
  9069 | D:6      | Reached skill level 8 in Slings
  9682 | D:7      | Reached * piety under Dithmenos
 10200 | D:8      | Noticed Pikel
 10260 | D:8      | Killed Pikel
 10321 | D:8      | Found a glowing silver altar of Zin.
 10713 | D:8      | Reached skill level 9 in Slings
 10753 | D:8      | Found an opulent altar of Gozag.
 10773 | D:8      | Noticed a dagger
 10773 | D:8      | Noticed a hand axe
 10784 | D:8      | Found a hide-covered altar of Uskayaw.
 10838 | D:8      | Noticed a two-headed ogre
 11147 | D:8      | Noticed a two-headed ogre
 11327 | D:8      | Found an iron altar of Okawaru.
 11508 | D:9      | Noticed a centaur warrior
 11508 | D:9      | Noticed a purple ugly thing
 11508 | D:9      | Noticed a centaur warrior
 11508 | D:9      | Noticed a cyan ugly thing
 11510 | D:9      | Noticed an efreet
 11685 | D:9      | Reached XP level 10. HP: 44/63 MP: 11/11
 11866 | D:10     | Entered Level 10 of the Dungeon
 11978 | D:10     | Reached skill level 10 in Slings
 12242 | D:10     | Found a staircase to the Orcish Mines.
 12309 | D:10     | Reached ** piety under Dithmenos
 12620 | D:10     | Reached skill level 1 in Short Blades
 12659 | D:10     | Got a shimmering glaive
 12660 | D:10     | Identified the +7 glaive "Jyllaudda" {chop, -Tele +Inv rC++ MP+9} (You found it on level 10 of the Dungeon)
 12687 | D:10     | Found a glowing golden altar of the Shining One.
 14526 | D:10     | Found a staircase to the Lair.
 14948 | D:9      | Identified a scroll of acquirement
 15079 | D:11     | Noticed a cyclops
 15216 | D:11     | Noticed a white ugly thing
 15442 | D:11     | Noticed Harold
 15485 | Lair:1   | Entered Level 1 of the Lair of Beasts
 15590 | Lair:1   | Reached XP level 11. HP: 70/70 MP: 12/12
 15732 | Lair:1   | Reached skill level 5 in Fighting
 15837 | Lair:1   | Reached skill level 11 in Slings
 15919 | Lair:1   | Reached *** piety under Dithmenos
 16474 | Lair:2   | Learned a level 2 spell: Poisonous Vapours
 16508 | Lair:2   | Reached skill level 1 in Evocations
 16517 | Lair:2   | Reached skill level 10 in Dodging
 17090 | Lair:2   | Noticed a seven-headed hydra
 17097 | Lair:2   | Learned a level 1 spell: Apportation
 17099 | Lair:2   | Learned a level 1 spell: Animate Skeleton
 17513 | Lair:2   | Found a snail-covered altar of Cheibriados.
 18664 | Lair:3   | Found a staircase to the Shoals.
 19997 | Lair:3   | Reached XP level 12. HP: 81/81 MP: 15/15
 20408 | Lair:4   | Reached skill level 12 in Slings
 20408 | Lair:4   | Reached skill level 5 in Evocations
 21043 | Lair:4   | Learned a level 3 spell: Call Canine Familiar
 21269 | Lair:4   | Reached skill level 1 in Summonings
 21680 | Lair:4   | Slain by a jumping spider

Vault maps used:
D:1:      minmay_arrival_hallway
D:2:      doesnt_xom_only_xom, first_ration, lemuel_another_geyser
D:4:      minmay_misc_feat_iff, st_stairs_1, minmay_bisected, uniq_duvessa
D:6:      kennysheep_little_box
D:7:      vehumet_crystals, minmay_temple_entry_poolview
D:8:      okawaru_trees_2, dancing_weapons_uskayaw, nicolae_gozag_seed_capital,
          basic_altar, grunt_pizzeria, uniq_pikel
D:9:      minivault_28
D:10:     grunt_lair_entry_orc_guard_hut, david_orc_2, tso_metal_star
D:11:     serial_shops, bzr_entry_road, uniq_harold
Temple:   nicolae_temple_elliptical
Lair:1:   grunt_megastairs_5
Lair:2:   kennysheep_snail_temple
Lair:3:   minmay_shoals_entry_lonely_mermaid, st_stairs_12,
          serial_bayou_lagoon_b
Lair:4:   nicolae_spider_entry_tight_spaces, pond

Skill      XL: |  1  2  3  4  5  6  7  8  9 10 11 12 |
---------------+-------------------------------------+-----
Stealth        | 2 3 4 5 7 8 |  8.0
Slings         | 3 4 5 6 7 9 10 11 12 | 12.0
Fighting       | 2 3 4 7 8 |  8.0
Dodging        | 3 4 6 9 10 11 | 11.2
Short Blades   | 3 |  3.1
Evocations     | 4 5 |  5.0
Summonings     | 3 |  3.2
Spellcasting   | |  1.0
Hexes          | |  3.0

Action                   |  1- 3 |  4- 6 |  7- 9 | 10-12 || total
-------------------------+-------+-------+-------+-------++-------
Melee: Dagger            |    28 |    71 |    97 |   106 ||   302
       Constrict         |     7 |    18 |    18 |    14 ||    57
       Tentacles         |     5 |    12 |    19 |    31 ||    67
       Hunting sling     |       |       |       |     1 ||     1
 Fire: Hunting sling     |    42 |    98 |   440 |   162 ||   742
       Fustibalus        |       |       |       |   545 ||   545
Throw: Javelin           |       |       |     4 |       ||     4
 Cast: Slow              |       |     1 |    19 |    27 ||    47
       Corona            |       |       |       |     5 ||     5
       Apportation       |       |       |       |     1 ||     1
       Call Canine Famil |       |       |       |     2 ||     2
Evoke: Wand              |       |       |    12 |    11 ||    23
  Use: Scroll            |       |     6 |    10 |    11 ||    27
       Potion            |       |     3 |     4 |     3 ||    10
 Stab: Sleeping          |     5 |     7 |     7 |     9 ||    28
       Paralysed         |       |       |       |     2 ||     2
  Eat: Chunk             |     1 |     9 |    10 |    10 ||    30
       Ration            |       |     1 |     4 |     6 ||    11
Armor: Skin              |       |     5 |     5 |     3 ||    13
Dodge: Dodged            |    14 |    55 |   178 |   301 ||   548

Table legend:
 A = Spawn XP
 B = Non-spawn XP
 C = Spawn XP percentage of total XP
 D = Spawn monster count
 E = Non-spawn monster count
 F = Spawn count percentage of total count
 G = Total turns spent on level
                    A         B        C        D         E        F      G
               +---------+---------+-------+---------+---------+-------+---------
         Total |       0 |   24602 |   0.0 |       0 |     322 |   0.0 | 21680
               +---------+---------+-------+---------+---------+-------+---------
           D:1 |       0 |      34 |   0.0 |       0 |      17 |   0.0 |   873
           D:2 |       0 |     100 |   0.0 |       0 |      22 |   0.0 |  1446
           D:3 |       0 |     178 |   0.0 |       0 |      28 |   0.0 |  1163
           D:4 |       0 |     243 |   0.0 |       0 |      14 |   0.0 |  1163
           D:5 |       0 |     617 |   0.0 |       0 |      18 |   0.0 |  2099
           D:6 |       0 |     859 |   0.0 |       0 |      33 |   0.0 |  1875
           D:7 |       0 |     991 |   0.0 |       0 |      29 |   0.0 |  1441
           D:8 |       0 |    1339 |   0.0 |       0 |      25 |   0.0 |  1513
           D:9 |       0 |     338 |   0.0 |       0 |       3 |   0.0 |   310
          D:10 |       0 |    3607 |   0.0 |       0 |      37 |   0.0 |  3126
          D:11 |       0 |     592 |   0.0 |       0 |      17 |   0.0 |   348
        Lair:1 |       0 |    2896 |   0.0 |       0 |      16 |   0.0 |   954
        Lair:2 |       0 |    4401 |   0.0 |       0 |      19 |   0.0 |  2292
        Lair:3 |       0 |    3336 |   0.0 |       0 |      18 |   0.0 |  1692
        Lair:4 |       0 |    5071 |   0.0 |       0 |      26 |   0.0 |  1257
               +---------+---------+-------+---------+---------+-------+---------
